[Event "*** Titled Tuesday Blitz"]
[Site "Chess.com"]
[Date "2020.11.24"]
[Round "9"]
[White "annamaja"]
[Black "FearNoEvil12"]
[Result "0-1"]
[WhiteElo "2271"]
[BlackElo "2161"]
[TimeControl "180+1"]
[EndTime "12:02:12 PST"]
[Termination "FearNoEvil12 won on time"]

1. e4 a6 2. d4 b5 3. a4 b4 4.
Bc4 e6 5. e5 Bb7 6. Nf3 Ne7 7.
O-O Nd5 8. c3 bxc3 9. bxc3 d6 10.
exd6 cxd6 11. Qb3 Qc8 12. Nbd2 Be7 13. Rb1 Bc6 14. a5 Nd7 15. Re1 O-O 16. Ne4 Rb8 17. Qc2 Rxb1 18. Qxb1 Qc7 19. Qd3 Qxa5 20. Bd2 N5f6 21.
Nxf6+ Nxf6 22. Bxa6 Qc7 23. h3 Ra8 24. Bb5 Bb7 25.
c4 Rb8 26. Ra1 h6 27. Ba5 Qc8 28. Nd2 Bc6 29. Bxc6 Qxc6 30. Rb1 Rxb1+ 31. Qxb1 Qa4 32.
Bc3 Qc6 33. Qb8+ Kh7 34. Qa7 Qd7 35. Qxd7 Nxd7 36. Ne4 f5 37. Nd2 Bf6 38. Nf3 Nb6 39. c5 Nd5 40. Bb4 Nxb4 41. cxd6 Kg8 0-1

[Event "*** Titled Tuesday Blitz"]
[Site "Chess.com"]
[Date "2020.11.24"]
[Round "9"]
[White "Aradej"]
[Black "Savagelittlemole"]
[Result "1-0"]
[WhiteElo "2457"]
[BlackElo "2554"]
[TimeControl "180+1"]
[EndTime "12:02:14 PST"]
[Termination "Aradej won by resignation"]

1. d4 Nf6 2. Nf3 e6 3. e3 c5 4.
Bd3 Nc6 5. O-O Be7 6. c3 O-O 7. e4 b6 8. a3 Bb7 9. Re1 Rc8 10. Nbd2 cxd4 11. cxd4 Re8 12. b4 Bf8 13. Bb2 d5 14. e5 Nd7 15. Qe2 f6 16. exf6 Nxf6 17. Rac1 h6 18. Bb1 Ne7 19. Rxc8 Qxc8 20. Qxe6+ Qxe6 21. Rxe6 Rc8 22. Re1 a5 23. b5 Rc7 24. a4 Bc8 25.
Rc1 Rxc1+ 26. Bxc1 Bf5 27. Ba2 Kh7 28. Bb3 Ng6 29. g3 Bb4 30. Kf1 Bd3+ 31. Ke1 Ne7 32. Kd1 Nf5 33. Bc2 Be4 34. Nxe4 dxe4 35. Nd2 Bxd2 36.
Bxd2 Nxd4 37. Bb1 Nf3 38. Be3 Nxh2 39. Bxb6 Nhg4 40. Ke2 Kg6 41. Bxa5 Ne5 42. Bc3 Nc4 43. a5 Kf5 44. Bxf6 gxf6 45. a6 Ke5 46. Ba2 Nb6 47.
Bf7 Kd6 48. Ke3 Ke5 49. Be8 f5 50. Bc6 Nc4+ 51. Ke2 Kd6 52. a7 Nb6 53. a8=Q Nxa8 54.
Bxa8 Kc5 55. Bc6 h5 56. Ke3 Kb6 57. Kf4 1-0

[Event "*** Titled Tuesday Blitz"]
[Site "Chess.com"]
[Date "2020.11.24"]
[Round "9"]
[White "rududuyk"]
[Black "eCztery"]
[Result "1-0"]
[WhiteElo "2196"]
[BlackElo "2335"]
[TimeControl "180+1"]
[EndTime "12:02:14 PST"]
[Termination "rududuyk won on time"]

1. e4 e5 2. Nf3 Nc6 3. Bb5 a6 4. Ba4 b5 5. Bb3 Nf6 6. d4 exd4 7. O-O Nxe4 8. Nxd4 Nxd4 9. Qxd4 Nf6 10.
Bg5 Be7 11. Bxf6 Bxf6 12. Re1+ Be7 13. Qd5 O-O 14. Qxa8 c6 15. a4 Bc5 16. axb5 Qb6 17. Nc3 Bb7 18. Rxa6 Bxf2+ 19. Kf1 Rxa8 20. Rxb6 Bxb6 21.
Re7 cxb5 22. Rxf7 1-0

[Event "*** Titled Tuesday Blitz"]
[Site "Chess.com"]
[Date "2020.11.24"]
[Round "9"]
[White "sasko1234"]
[Black "Zubrrr"]
[Result "1/2-1/2"]
[WhiteElo "2477"]
[BlackElo "2636"]
[TimeControl "180+1"]
[EndTime "12:02:16 PST"]
[Termination "Game drawn by repetition"]

1. Nf3 f5 2. d4 Nf6 3. Bf4 d6 4. e3 g6 5. Be2 Bg7 6. h4 h6 7. Nbd2 Nc6 8. c3 e6 9. Qb3 Qe7 10.
O-O-O Ng4 11. Bg3 O-O 12. Ne1 Kh8 13. Nd3 e5 14. Bxg4 fxg4 15. dxe5 Bf5 16. exd6 cxd6 17.
Nf4 Ne5 18. Nc4 Nxc4 19. Qxc4 Rac8 20. Qb3 Qe4 21. Rd3 Rc6 22. Rhd1 Rfc8 23. Qd5 Qa4 24.
a3 b5 25. Qf7 Qe4 26. Qd5 Qa4 27. Qf7 Qe4 28. Qd5 Qa4 1/2-1/2

[Event "*** Titled Tuesday Blitz"]
[Site "Chess.com"]
[Date "2020.11.24"]
[Round "9"]
[White "TigrVShlyape"]
[Black "Nitzan_Steinberg"]
[Result "1-0"]
[WhiteElo "2845"]
[BlackElo "2873"]
[TimeControl "180+1"]
[EndTime "12:02:18 PST"]
[Termination "TigrVShlyape won by resignation"]

1. d4 d5 2. Nf3 Nf6 3. Bf4 e6 4. e3 Bd6 5. Ne5 O-O 6. Nd2 c5 7. c3 Qc7 8. Bd3 Nbd7 9. Ndf3 Ne4 10. Qc2 Ndf6 11. g4 c4 12. Be2 Nd7 13. g5 b5 14.
a3 a5 15. Rg1 Kh8 16. h4 Rb8 17.
h5 f6 18. gxf6 Ndxf6 19. h6 g6 20. Ng5 Nxg5 21. Bxg5 Ne4 22. f4 b4 23. axb4 axb4 24. Bf3 bxc3 25. bxc3 Nxc3 26. Nxg6+ hxg6 27. Qxg6 Qf7 28. Qg7+ Qxg7 29. hxg7+ Kxg7 30. Be7+ Kf7 31. Bxd6 Bb7 32.
Bh5+ Kf6 33. Be5+ 1-0

[Event "*** Titled Tuesday Blitz"]
[Site "Chess.com"]
[Date "2020.11.24"]
[Round "9"]
[White "Fy_Rakotomaharo"]
[Black "Euwe1234"]
[Result "0-1"]
[WhiteElo "2688"]
[BlackElo "2535"]
[TimeControl "180+1"]
[EndTime "12:02:19 PST"]
[Termination "Euwe1234 won by resignation"]

1. d4 d5 2. Bf4 Nf6 3. e3 e6 4. Nf3 Bd6 5. Nbd2 c5 6. Bxd6 Qxd6 7. c3 Nc6 8. Bb5 O-O 9. O-O Bd7 10. Qe2 a6 11. Bxc6 Bxc6 12. Rfc1 b5 13. Ne5 Bb7 14.
f4 Rac8 15. a3 Ne4 16. Nxe4 dxe4 17. dxc5 Rxc5 18. Rd1 Bd5 19. Qc2 Qc7 20. Rd4 h5 21. Qe2 g6 22. g4 hxg4 23. Qxg4 Kg7 24. Kh1 Rh8 25. Rg1 Rh6 26. Rd2 Qe7 27. Qg5 f6 28. Nxg6 Qe8 29. Qxh6+ Kxh6 30. Rdg2 Bc4 31. Nh4 Rh5 32. Rg6+ Kh7 33. Rg7+ Kh8 34. R7g4 Be2 35. Ng6+ Kh7 36. R4g3 Bf3+ 0-1

[Event "*** Titled Tuesday Blitz"]
[Site "Chess.com"]
[Date "2020.11.24"]
[Round "9"]
[White "ShapkinAnatoliy"]
[Black "GM_LOADING"]
[Result "1-0"]
[WhiteElo "2649"]
[BlackElo "2484"]
[TimeControl "180+1"]
[EndTime "12:02:19 PST"]
[Termination "ShapkinAnatoliy won by resignation"]

1. d4 Nf6 2. c4 e6 3. g3 Bb4+ 4. Bd2 a5 5. Bg2 d6 6. e3 O-O 7. Ne2 Bxd2+ 8. Qxd2 Nc6 9. O-O e5 10. Nbc3 Bf5 11. e4 Bg4 12. f3 Bd7 13. h3 Re8 14. f4 exd4 15. Nxd4 Nxd4 16. Qxd4 Bc6 17. g4 Nd7 18.
Rae1 Nc5 19. Nd5 Bxd5 20. cxd5 Qh4 21. e5 b6 22. e6 Qf6 23. Qxf6 gxf6 24. f5 Kg7 25.
Re3 a4 26. Rf4 Ra5 27. Bf1 Kf8 28. Rb4 h5 29. Bb5 Re7 30. Bc6 hxg4 31. hxg4 Kg7 32. Rh3 Nd3 33. Rxd3 1-0

[Event "*** Titled Tuesday Blitz"]
[Site "Chess.com"]
[Date "2020.11.24"]
[Round "9"]
[White "Chess_Boxer123"]
[Black "gumimis"]
[Result "1-0"]
[WhiteElo "2511"]
[BlackElo "2292"]
[TimeControl "180+1"]
[EndTime "12:02:19 PST"]
[Termination "Chess_Boxer123 won by resignation"]

1. h3 e5 2. e4 Nf6 3. Nc3 Bb4 4. Nge2 O-O 5. g3 c6 6. Bg2 d5 7. O-O Re8 8. d3 h6 9. a3 Ba5 10. b4 Bb6 11. Kh2 Nbd7 12. Bb2 Nf8 13. Na4 Bc7 14. c4 d4 15. Nc5 b6 16. Nb3 Ne6 17. a4 c5 18. b5 a5 19. Bc1 Nh7 20. Nd2 Bd7 21. Nf3 Neg5 22. Nfg1 Qe7 23. Bd2 Rf8 24. f4 exf4 25.
gxf4 Rae8 26. Kh1 Ne6 27. f5 Neg5 28. Nf4 Qd6 29. Nf3 Nxf3 30. Qxf3 Ng5 31. Qg4 Kh7 32. h4 Rh8 33. hxg5 hxg5 34. Qxg5 Kg8+ 35. Kg1 Bd8 36. Qg4 Qh6 37. Qg3 Bh4 38. Qh3 Qd6 39. Qg4 Rh6 40. Nh5 Rxh5 41. Qxh5 Bg3 42. Rf3 Kf8 43. Raf1 Ke7 44.
Rxg3 Qxg3 45. Qg5+ Qxg5 46. Bxg5+ f6 47. Bf4 Rh8 48. Bc7 Rh4 49. Bxb6 Rg4 50. Bxc5+ Kf7 51. Bxd4 Rg3 52. Rf3 Rxf3 53. Bxf3 1-0

[Event "*** Titled Tuesday Blitz"]
[Site "Chess.com"]
[Date "2020.11.24"]
[Round "9"]
[White "InitiatingASC"]
[Black "YIYUKI"]
[Result "0-1"]
[WhiteElo "2433"]
[BlackElo "2347"]
[TimeControl "180+1"]
[EndTime "12:02:20 PST"]
[Termination "YIYUKI won by resignation"]

1. Nf3 Nf6 2. g3 g6 3. Bg2 Bg7 4. O-O O-O 5. d3 c5 6. Nbd2 Nc6 7. Rb1 d6 8. a3 Rb8 9. b4 cxb4 10. axb4 b5 11. Bb2 e5 12. c3 h6 13. Nb3 Be6 14.
Nfd2 Qd7 15. Ra1 Bh3 16. Ra6 Bxg2 17. Kxg2 Qb7 18. Rxc6 Qxc6+ 19. e4 d5 20. f3 Rbd8 21. Qe2 a6 22. Ra1 Rfe8 23. Nc5 Ra8 24. Ndb3 dxe4 25.
fxe4 h5 26. Bc1 Nd7 27. Be3 Nxc5 28. Nxc5 Bf8 29. Rf1 a5 30. Qf2 Re7 31. bxa5 Rxa5 32. d4 exd4 33. cxd4 Rea7 34. Kg1 Bxc5 35. dxc5 Qxe4 36.
c6 Ra2 37. Bxa7 Rxf2 38. Bxf2 Qxc6 39. Rd1 Qc2 40. Rd8+ Kg7 41. Bd4+ f6 42. Rd7+ Kf8 43. Bxf6 Qc5+ 44. Bd4 Qc1+ 45. Kf2 Qc2+ 46. Kg1 Ke8 47. Rd6 Ke7 48. Rd5 Qb1+ 0-1

[Event "*** Titled Tuesday Blitz"]
[Site "Chess.com"]
[Date "2020.11.24"]
[Round "9"]
[White "Margency"]
[Black "rasmussvane"]
[Result "1-0"]
[WhiteElo "2687"]
[BlackElo "2865"]
[TimeControl "180+1"]
[EndTime "12:02:23 PST"]
[Termination "Margency won by resignation"]

1. e4 c6 2. d4 d5 3. exd5 cxd5 4.
c4 Nf6 5. Nc3 Nc6 6. Bg5 dxc4 7.
Bxc4 h6 8. Be3 e6 9. Nf3 Be7 10. O-O O-O 11. Qd2 Re8 12. Rad1 Nb4 13. Rfe1 Bd7 14.
Ne5 Rc8 15. Bb3 Bc6 16. Bxh6 gxh6 17. Re3 Bd6 18. Rg3+ Kf8 19. Ng6+ Kg7 20. Ne5+ Kf8 21. Qxh6+ Ke7 22. Nxf7 Bxg3 23. Nxd8 Bxf2+ 24. Kf1 Rcxd8 25. Qg7+ Kd6 26. Qxf6 Rf8 27. Qe5+ Kd7 28. Bxe6+ Ke8 29. Bf5+ Kf7 30. Qe6+ 1-0

[Event "*** Titled Tuesday Blitz"]
[Site "Chess.com"]
[Date "2020.11.24"]
[Round "9"]
[White "JoachimMouhamad"]
[Black "anon569"]
[Result "1-0"]
[WhiteElo "2471"]
[BlackElo "2303"]
[TimeControl "180+1"]
[EndTime "12:02:24 PST"]
[Termination "JoachimMouhamad won on time"]

1. e4 c5 2. Nf3 d6 3. d4 cxd4 4. Nxd4 Nf6 5. Nc3 a6 6. f3 e6 7.
Be3 Qc7 8. Qd2 b5 9. g4 Bb7 10. O-O-O Be7 11. h4 Nfd7 12. g5 Ne5 13. f4 Nc4 14.
Bxc4 Qxc4 15. a3 Nd7 16. f5 e5 17. Nde2 Bxe4 18. Nxe4 Qxe4 19. f6 gxf6 20. Nc3 Qc4 21.
Nd5 Bf8 22. gxf6 Rc8 23. Kb1 Rg8 24. Rhg1 Rxg1 25. Rxg1 Qxh4 26. Rg8 Qh1+ 27. Ka2 Nc5 28. Bh6 Ne6 29. Bxf8 Nxf8 30. Nc7+ Rxc7 31. Qxd6 1-0

[Event "*** Titled Tuesday Blitz"]
[Site "Chess.com"]
[Date "2020.11.24"]
[Round "9"]
[White "Lion-Al-Messi"]
[Black "XDPS"]
[Result "1/2-1/2"]
[WhiteElo "2575"]
[BlackElo "2703"]
[TimeControl "180+1"]
[EndTime "12:02:26 PST"]
[Termination "Game drawn by repetition"]

1. d4 d5 2. Nf3 a6 3. Nc3 Nf6 4. Bg5 Bf5 5. e3 Nbd7 6. Bd3 Bxd3 7. cxd3 e6 8. O-O Be7 9. Ne5 Nxe5 10. dxe5 Nd7 11.
Bxe7 Qxe7 12. d4 O-O 13. f4 c5 14. f5 f6 15. fxe6 Qxe6 16. dxc5 Qxe5 17. Qxd5+ Qxd5 18. Nxd5 Nxc5 19. Rac1 Ne6 20. Rfd1 Rfd8 21. Nb6 Rxd1+ 22.
Rxd1 Rd8 23. Rxd8+ Nxd8 24. Kf2 Kf7 25. Kf3 Ke6 26.
Ke4 Nc6 27. a3 f5+ 28. Kd3 g5 29. b4 h5 30. g3 Ne5+ 31. Ke2 Ng4 32. h3 Nf6 33. h4 g4 34. Na4 Ne4 35. Kd3 Kd5 36.
Nb6+ Ke6 37. Na4 b5 38. Nc3 Nxc3 39. Kxc3 Ke5 40. Kd3 Kd5 41. Kd2 Kd6 42. Kd3 Ke5 43.
Kd2 Ke4 44. Ke2 Kd5 45. Kd3 Ke5 46. Kd2 Ke6 47. Kd3 Kd5 48. Kd2 Kc4 49. Kc2 Kd5 50.
Kd3 Ke5 1/2-1/2

[Event "*** Titled Tuesday Blitz"]
[Site "Chess.com"]
[Date "2020.11.24"]
[Round "9"]
[White "esapunov"]
[Black "DenisQ"]
[Result "1-0"]
[WhiteElo "2812"]
[BlackElo "2676"]
[TimeControl "180+1"]
[EndTime "12:02:29 PST"]
[Termination "esapunov won on time"]

1. c4 c6 2. Nf3 d5 3. b3 Nf6 4. Bb2 Bf5 5. g3 Nbd7 6. Bg2 e6 7.
O-O Bc5 8. d3 h6 9. Nbd2 O-O 10.
a3 a5 11. Qb1 Qe7 12. Qc2 Rfc8 13. Qc1 b5 14. Re1 Ng4 15. Nd4 Nxf2 16. Kxf2 e5 17.
e3 exd4 18. exd4 Qg5 19. dxc5 Nxc5 20. Bf1 Bxd3 21. Bd4 Qf5+ 22. Kg1 Ne6 23. Bf2 bxc4 24. bxc4 dxc4 25. Nxc4 Ng5 26. Bxd3 Nf3+ 27. Kh1 Qxd3 28. Re3 1-0

[Event "*** Titled Tuesday Blitz"]
[Site "Chess.com"]
[Date "2020.11.24"]
[Round "9"]
[White "guillembaches"]
[Black "Susal_De_Silva"]
[Result "1-0"]
[WhiteElo "2413"]
[BlackElo "2522"]
[TimeControl "180+1"]
[EndTime "12:02:30 PST"]
[Termination "guillembaches won by checkmate"]

1. e4 e5 2. Nf3 Nc6 3. Nc3 Nf6 4. d4 Bb4 5. Nxe5 Nxe4 6. Qg4 Nxc3 7. Qxg7 Rf8 8. Bh6 Nxe5 9. dxe5 Nd5+ 10. c3 Nxc3 11. bxc3 Bxc3+ 12. Kd1 Bb4 13. Qxh7 Qh4 14. Bd3 d5 15.
Bxf8 Qd4 16. Bxb4 Qxa1+ 17. Ke2 Qb2+ 18. Bd2 Qxe5+ 19. Kf3 Be6 20. Re1 Qd4 21. Rxe6+ fxe6 22. Bg5 Qc5 23. Bg6+ Kf8 24. Qf7# 1-0

[Event "*** Titled Tuesday Blitz"]
[Site "Chess.com"]
[Date "2020.11.24"]
[Round "9"]
[White "nicolevalladar"]
[Black "niki_2003"]
[Result "0-1"]
[WhiteElo "1593"]
[BlackElo "1998"]
[TimeControl "180+1"]
[EndTime "12:02:31 PST"]
[Termination "niki_2003 won by resignation"]

1. e4 c5 2. Nc3 a6 3. d3 b5 4. g3 Bb7 5. Bg2 e6 6. Be3 Nf6 7. f3 d5 8. exd5 exd5 9. Bd2 Bd6 10. Nge2 O-O 11. O-O b4 12. Nb1 d4 13. Bf4 Nd5 14. Bxd6 Qxd6 15. Qd2 Ne3 16. Re1 Qc6 17. Nf4 g5 18.
Nh5 g4 19. Rxe3 dxe3 20. Qxe3 gxf3 21. Bxf3 Qg6 22. Bxb7 Ra7 23. Bf3 Nd7 24. Qf4 Re8 25. g4 Re1+ 26. Kf2 Re7 27. Be4 Rxe4 28. dxe4 a5 29.
e5 Ra6 30. Nf6+ Nxf6 31. exf6 Rxf6 32. Qxf6 Qxf6+ 33. Kg3 Qxb2 34. Nd2 Qxa1 0-1

[Event "*** Titled Tuesday Blitz"]
[Site "Chess.com"]
[Date "2020.11.24"]
[Round "9"]
[White "canary2016"]
[Black "Forantes"]
[Result "0-1"]
[WhiteElo "2002"]
[BlackElo "2372"]
[TimeControl "180+1"]
[EndTime "12:02:32 PST"]
[Termination "Forantes won by checkmate"]

1. d4 Nf6 2. c4 g6 3. Nf3 Bg7 4. g3 O-O 5. Bg2 d5 6. cxd5 Nxd5 7. O-O Nc6 8. e3 Re8 9. Nc3 Nb6 10. Qe2 e5 11.
dxe5 Nxe5 12. Nxe5 Rxe5 13. Rd1 Qe8 14. e4 c6 15. Bf4 Ra5 16. Bc7 Be6 17. Rd2 Rc8 18. Bd6 Nc4 19. Rdd1 Nxd6 20. Rxd6 Qe7 21. Rad1 Bxc3 22.
bxc3 Rxa2 23. Qd3 a5 24. c4 Qf6 25. f4 Qb2 26. Rd8+ Rxd8 27. Qxd8+ Kg7 28. Qd4+ Qxd4+ 29. Rxd4 a4 30. Bf1 a3 31. Rd1 Rb2 32. Ra1 a2 33. Bd3 b5 34. cxb5 cxb5 35. h3 b4 36. g4 b3 37. h4 Rd2 38. g5 Rxd3 39. Rc1 b2 40.
Re1 a1=Q 41. Rxa1 bxa1=Q+ 42. Kg2 Qb2+ 43. Kg1 Rd1# 0-1

[Event "*** Titled Tuesday Blitz"]
[Site "Chess.com"]
[Date "2020.11.24"]
[Round "9"]
[White "davidkalashian"]
[Black "freshfoodcompany"]
[Result "1-0"]
[WhiteElo "2534"]
[BlackElo "2361"]
[TimeControl "180+1"]
[EndTime "12:02:33 PST"]
[Termination "davidkalashian won by resignation"]

1. d4 d5 2. Nf3 Nf6 3. c4 c6 4. Qc2 g6 5. g3 Bg7 6. Bg2 O-O 7. O-O Bf5 8. Qb3 Qb6 9. Nc3 dxc4 10. Qxc4 Nbd7 11. Re1 Ne4 12. Nh4 Nxc3 13. Nxf5 gxf5 14. bxc3 e6 15. a4 a5 16. Bf4 Rfd8 17. Rab1 Qa7 18.
Qb3 e5 19. dxe5 Nc5 20. Qc2 b5 21. axb5 a4 22. bxc6 Rac8 23. Qxf5 a3 24. Be3 Qa5 25. e6 a2 26. exf7+ Kh8 27. Ra1 Qxc3 28. Qxc5 Qxc5 29. Bxc5 Bxa1 30. Rxa1 Kg7 31. Rxa2 Rd1+ 32. Bf1 Rc1 33. f8=Q+ Rxf8 34. Bxf8+ Kxf8 35. Ra8+ Ke7 36. Ra7+ Kd6 37. c7 Kd7 38. Kg2 Rc2 39. f3 Rc1 40. Kf2 Rc3 41. Bh3+ Kd6 42. c8=Q Rxc8 43. Bxc8 1-0

[Event "*** Titled Tuesday Blitz"]
[Site "Chess.com"]
[Date "2020.11.24"]
[Round "9"]
[White "Quiet_Desperation"]
[Black "Dinamo3"]
[Result "0-1"]
[WhiteElo "1714"]
[BlackElo "2424"]
[TimeControl "180+1"]
[EndTime "12:02:35 PST"]
[Termination "Dinamo3 won by resignation"]

1. e4 c6 2. d4 d5 3. exd5 cxd5 4. c4 Nf6 5. Nf3 Nc6 6. Nc3 Bg4 7. cxd5 Nxd5 8. Bc4 e6 9. h3 Bxf3 10. Qxf3 Nxd4 11.
Qd1 Nb6 12. Bd3 Be7 13. O-O O-O 14. Be3 e5 15. Re1 Kh8 16. Qh5 f5 17. Bxd4 exd4 18. Bxf5 Rxf5 19. Qxf5 dxc3 20. Rad1 Qc7 21. bxc3 Bf6 22.
Qe6 h6 23. c4 Qxc4 24. Qf5 Qc8 25. Qg6 Qc7 26. Re8+ Rxe8 27. Qxe8+ Kh7 28. Qe4+ Kg8 29. Re1 Qf7 30. a4 Nd5 31. Rd1 Nc3 0-1

[Event "*** Titled Tuesday Blitz"]
[Site "Chess.com"]
[Date "2020.11.24"]
[Round "9"]
[White "Agoking701"]
[Black "Michaelson_11"]
[Result "1-0"]
[WhiteElo "2348"]
[BlackElo "2143"]
[TimeControl "180+1"]
[EndTime "12:02:36 PST"]
[Termination "Agoking701 won on time"]

1. e4 e6 2. d4 d5 3. Nc3 Bb4 4. e5 c5 5. a3 Ba5 6. b4 cxd4 7. Qxd4 Nc6 8. Qg4 Bc7 9. f4 Nge7 10. Qxg7 Ng6 11. Qh6 Qe7 12. Nf3 Bb6 13. Nb5 a6 14.
Nd6+ Kd7 15. Bd3 Nd4 16. Bb2 Nxf3+ 17. gxf3 Be3 18. Bxg6 fxg6 19. Ke2 Bb6 20. c4 Bc7 21.
Rad1 b5 22. cxd5 exd5 23. Rxd5 Ke6 24. Rhd1 Bxd6 25. exd6 Qd7 26. Bxh8 Bb7 27. Qh3+ 1-0

[Event "*** Titled Tuesday Blitz"]
[Site "Chess.com"]
[Date "2020.11.24"]
[Round "9"]
[White "skoularikii"]
[Black "Sergienko_Sergey"]
[Result "1-0"]
[WhiteElo "2472"]
[BlackElo "2334"]
[TimeControl "180+1"]
[EndTime "12:02:38 PST"]
[Termination "skoularikii won by resignation"]

1. e4 c5 2. Nf3 a6 3. d4 cxd4 4. Nxd4 Nf6 5. Nc3 e5 6. Nb3 Bb4 7. Bd3 d6 8. O-O O-O 9. Bg5 Bxc3 10. bxc3 Nbd7 11. Qf3 h6 12. Be3 Qc7 13. c4 b6 14.
a4 Bb7 15. a5 b5 16. cxb5 axb5 17. Bxb5 Bxe4 18. Qh3 Nc5 19. Bxc5 dxc5 20. c4 Bc2 21. a6 Rfd8 22. Na5 Rd3 23. f3 e4 24. Qg3 Qb6 25. Qf2 Rad8 26. Qxc2 Rd2 27. Qc3 exf3 28. Qxf3 Qd6 29. a7 Qd4+ 30. Kh1 Ne4 31. Nb3 Nf2+ 32.
Rxf2 Rxf2 33. Nxd4 1-0

[Event "*** Titled Tuesday Blitz"]
[Site "Chess.com"]
[Date "2020.11.24"]
[Round "9"]
[White "DonPreuss"]
[Black "ChessWarrior3"]
[Result "0-1"]
[WhiteElo "2227"]
[BlackElo "2110"]
[TimeControl "180+1"]
[EndTime "12:02:38 PST"]
[Termination "ChessWarrior3 won on time"]

1. d4 Nf6 2. Nc3 d5 3. e4 Nxe4 4. Nxe4 dxe4 5. Bc4 Nc6 6. c3 e5 7. d5 Ne7 8. f3 exf3 9. Nxf3 f6 10. O-O Nf5 11.
Qb3 Bc5+ 12. Kh1 Qd6 13. Nd2 O-O 14. Ne4 Qb6 15. Qc2 Ne3 16. Bxe3 Bxe3 17. Rf3 Bg4 18. Rg3 Bf5 19. Re1 Bf4 20. Rf3 Bg4 21. Rd3 Bf5 22. Rf3 Bg6 23. Qe2 Bxe4 24. Qxe4 Qxb2 25. d6+ Kh8 26.
Rh3 f5 27. Qf3 cxd6 28. g3 Bh6 29. Qd5 Qf2 30. Rf1 Qd2 31. Qe6 Qe3 32. Kg2 Qe4+ 33. Kg1 Be3+ 34. Rf2 Bxf2+ 35. Kxf2 f4 36. g4 f3 0-1

[Event "*** Titled Tuesday Blitz"]
[Site "Chess.com"]
[Date "2020.11.24"]
[Round "9"]
[White "kingofthenil"]
[Black "xberli"]
[Result "1-0"]
[WhiteElo "2777"]
[BlackElo "2593"]
[TimeControl "180+1"]
[EndTime "12:02:41 PST"]
[Termination "kingofthenil won by resignation"]

1. e4 e5 2. Nf3 Nc6 3. Bc4 Nf6 4. d3 Be7 5. O-O O-O 6. Re1 h6 7. d4 d6 8. d5 Nb8 9. Bd3 Nh7 10. c4 f5 11.
exf5 Bxf5 12. Bxf5 Rxf5 13. Nc3 Nd7 14. Ne4 Qe8 15.
Qc2 Rf8 16. Ng3 Qf7 17. Be3 Ndf6 18. Nd2 Ng4 19. Nde4 Bh4 20. Rad1 Nhf6 21. Nxf6+ Qxf6 22. Ne4 Qg6 23. Qd3 Rf7 24. c5 Raf8 25. Re2 Nxe3 26. Qxe3 Bd8 27. cxd6 cxd6 28. Kh1 Bb6 29. Qg3 Qxg3 30.
hxg3 Bxf2 31. Nxd6 Rf5 32. Nxf5 Rxf5 33. g4 Rf4 34.
Rf1 1-0

[Event "*** Titled Tuesday Blitz"]
[Site "Chess.com"]
[Date "2020.11.24"]
[Round "9"]
[White "Tayson_7"]
[Black "LiderChessAcademy"]
[Result "0-1"]
[WhiteElo "2690"]
[BlackElo "2581"]
[TimeControl "180+1"]
[EndTime "12:02:41 PST"]
[Termination "LiderChessAcademy won on time"]

1. e4 c5 2. Nc3 Nc6 3. Nge2 g6 4.
d4 cxd4 5. Nxd4 Bg7 6. Be3 d6 7.
f3 Nf6 8. Bc4 O-O 9. Bb3 Bd7 10.
h4 Qa5 11. Qd2 Rfc8 12. O-O-O Ne5 13. h5 Nxh5 14. g4 Nf6 15. Bh6 Bxh6 16. Qxh6 Rxc3 17. bxc3 Qxc3 18. Kb1 b5 19. Qd2 Qc5 20. g5 Nh5 21. Nf5 Bxf5 22. exf5 Nc4 23. Qd5 Qxd5 24. Rxd5 Ng3 25.
Rh3 Nxf5 26. Bxc4 bxc4 27. f4 Rb8+ 28. Kc1 Rb4 29. Ra3 c3 30. Rxc3 Rxf4 31. Ra5 h5 32.
gxh6 Kh7 33. Rxa7 g5 34. Rcc7 g4 35. Rc8 g3 36. Raa8 Nxh6 37. Rh8+ Kg7 38. Ra3 Rg4 0-1

[Event "*** Titled Tuesday Blitz"]
[Site "Chess.com"]
[Date "2020.11.24"]
[Round "9"]
[White "JoliyRoger"]
[Black "Brave_spirit12"]
[Result "1-0"]
[WhiteElo "2376"]
[BlackElo "2487"]
[TimeControl "180+1"]
[EndTime "12:02:41 PST"]
[Termination "JoliyRoger won by resignation"]

1. Nf3 f6 2. d4 d5 3. c4 c5 4. cxd5 Qxd5 5. Nc3 Qd8 6. d5 Bg4 7. e4 Nd7 8. Be2 Bxf3 9. gxf3 g6 10. f4 Bg7 11.
Bg4 Nh6 12. Be6 a6 13. Be3 Rc8 14. a4 Qb6 15. Qc2 f5 16. a5 Qb4 17. e5 b5 18. axb6 Qxb6 19. h3 Rb8 20. O-O Nf8 21. Qa4+ Kd8 22. Qxa6 Nxe6 23. dxe6 Qxa6 24. Rxa6 Kc7 25.
Nd5+ Kd8 26. Bxc5 Rb5 27. b4 Rg8 28. Ra8+ 1-0

[Event "*** Titled Tuesday Blitz"]
[Site "Chess.com"]
[Date "2020.11.24"]
[Round "9"]
[White "swimmerchess"]
[Black "MPGM"]
[Result "1-0"]
[WhiteElo "2802"]
[BlackElo "2629"]
[TimeControl "180+1"]
[EndTime "12:02:43 PST"]
[Termination "swimmerchess won by resignation"]

1. e4 c6 2. d4 d5 3. e5 c5 4. Nf3 Bg4 5. c4 e6 6. cxd5 exd5 7.
Nc3 Nc6 8. dxc5 d4 9. Ne4 Bxc5 10. Nxc5 Qa5+ 11. Bd2 Qxc5 12. Rc1 Qb6 13. Qa4 Bxf3 14. gxf3 Ne7 15. Bd3 O-O 16. f4 Ng6 17. Qb5 Qc7 18. O-O Qd7 19. Kh1 Qg4 20. Be2 Qf5 21. Qd3 Qxd3 22.
Bxd3 Rfe8 23. b4 a6 24. a4 f6 25. e6 Kh8 26. f5 Nge5 27. Be4 g6 28. b5 axb5 29.
axb5 Na5 30. Rc7 Nac4 31. Bh6 Rac8 32. Bg7+ Kg8 33. Rxc8 Rxc8 34. Bxf6 Nd2 35. Bxe5 Nxe4 36. f6 Rc5 37. Bxd4 Rd5 38. Rc1 Nxf2+ 39. Bxf2 1-0

[Event "*** Titled Tuesday Blitz"]
[Site "Chess.com"]
[Date "2020.11.24"]
[Round "9"]
[White "Rainmond"]
[Black "AliKa2810"]
[Result "1-0"]
[WhiteElo "2785"]
[BlackElo "2607"]
[TimeControl "180+1"]
[EndTime "12:02:43 PST"]
[Termination "Rainmond won by resignation"]

1. e4 c6 2. Nc3 d5 3. Qf3 d4 4. Bc4 Nf6 5. Nce2 e5 6. d3 Bb4+ 7. c3 dxc3 8. bxc3 Bd6 9. Qg3 O-O 10. Bh6 Nh5 11. Qf3 Nf6 12. Bg5 Nbd7 13. Qg3 b5 14. Bb3 Nc5 15. Bc2 Kh8 16. Nf3 a5 17. Qh4 Kg8 18.
Ng3 Ra7 19. Nh5 Be7 20. Nxf6+ Bxf6 21. Bxf6 Qxf6 22. Qxf6 gxf6 23. O-O Bg4 24. d4 Bxf3 25. dxc5 Be2 26. Rfe1 Bc4 27. a3 Rd8 28. Red1 Rad7 29.
Rxd7 Rxd7 30. a4 Rd2 31. Bd1 Rd3 32. Rc1 bxa4 33. Be2 Kf8 34. Kf1 Ke7 35. Ke1 Bb5 36. c4 Rd4 37. cxb5 cxb5 38. c6 Kd8 39. c7+ Kc8 40.
Bg4+ 1-0

[Event "*** Titled Tuesday Blitz"]
[Site "Chess.com"]
[Date "2020.11.24"]
[Round "9"]
[White "Zhigalko_Sergei"]
[Black "FontVella8"]
[Result "1-0"]
[WhiteElo "2880"]
[BlackElo "2548"]
[TimeControl "180+1"]
[EndTime "12:02:44 PST"]
[Termination "Zhigalko_Sergei won by resignation"]

1. e4 e5 2. Nf3 Nc6 3. Bc4 Bc5 4. b4 Bxb4 5. c3 Ba5 6. d4 exd4 7. O-O Nf6 8. Ba3 d6 9. e5 dxe5 10. Qb3 Qd7 11.
Re1 e4 12. Ng5 Ne5 13. Nxe4 Nxe4 14. Rxe4 f6 15. cxd4 Qf5 16. Bf7+ Kd8 17. Qd5+ Bd7 18. dxe5 Bb6 19. Nc3 Kc8 20. Rd1 Qxf2+ 21. Kh1 Bh3 22. Be6+ Bxe6 23. Qxe6+ Kb8 24. exf6 a6 25. fxg7 Rg8 26.
Qxg8+ Ka7 27. Qxa8+ Kxa8 28. g8=Q+ Ka7 29. h3 1-0

[Event "*** Titled Tuesday Blitz"]
[Site "Chess.com"]
[Date "2020.11.24"]
[Round "9"]
[White "EdmundPlayer"]
[Black "Morshynska"]
[Result "1-0"]
[WhiteElo "2175"]
[BlackElo "2250"]
[TimeControl "180+1"]
[EndTime "12:02:45 PST"]
[Termination "EdmundPlayer won on time"]

1. e4 e5 2. Nf3 Nc6 3. Bb5 a6 4. Ba4 Nf6 5. O-O b5 6. Bb3 Bb7 7. Re1 Bc5 8. c3 d6 9. d4 Bb6 10. Bg5 h6 11. Bxf6 Qxf6 12. Bd5 O-O 13. Nbd2 exd4 14.
cxd4 Rab8 15. Nb3 Ne7 16. Bxb7 Rxb7 17. e5 dxe5 18. Nxe5 Rd8 19. Qd3 Nd5 20. Rac1 Qg5 21. Qe4 a5 22. h4 Qf6 23. Nc5 Bxc5 24. Rxc5 Nf4 25. Qxb7 Rxd4 26. Rxc7 Rd2 27. Rxf7 Nh3+ 28. gxh3 Qxf2+ 29. Rxf2 1-0